AoeStats
← ELCUEROVIVO

Arena

509505940Analyzed
3v3 RM · 6d ago on Sep 27, 2026· 61m 1s· 6 players
Game mode
Random Map
Map size
Normal (6 player)
Population
200
Speed
Normal
Resources
Standard
Victory
Conquest
Starting age
Dark Age
Ending age
Imperial Age
RankedLock teamsTeams togetherTeam positionsShared explorationLock speedFull tech treeHidden civsTurbo modeCheats
Victory
Defeat
🇺🇸 Danes · United States
931
+15
🇺🇸 Varangians · United States
890
+16
🇺🇸 Cumans · United States
823
+20
🇨🇱 Poles · Chile
896
-17
🇨🇱 Romans · Chile
895
-17
🇨🇱 Turks · Chile
893
-17
R1v3rs
12:29 Feudal Age
17:26 Castle Age
25:46 Bloodlines
27:45 Scale Barding Armor
31:56 Wheelbarrow
33:27 Gold Mining
34:54 Double-Bit Axe
36:43 Padded Archer Armor
36:34 Fletching
43:47 Chain Barding Armor
45:11 Ballistics
54:57 Imperial Age
52:50 Hand Cart
58:19 Onager
dannyk701
11:19 Feudal Age
15:38 Castle Age
23:27 Fletching
27:00 Forging
26:56 Scale Barding Armor
27:42 Ballistics
33:42 Iron Casting
33:29 Chain Barding Armor
33:11 Bodkin Arrow
33:27 Gambesons
36:56 Squires
36:41 Arson
44:25 Imperial Age
44:36 Elite Jarl
47:05 Gothikon
50:53 Elite Varangian Guard
52:05 Scale Mail Armor
53:28 Blast Furnace
53:04 Plate Barding Armor
Cyan
10:15 Feudal Age
11:03 Feudal Age
12:42 Double-Bit Axe
12:57 Horse Collar
15:36 Castle Age
15:07 Stone Mining
19:16 Man-at-Arms
19:27 Man-at-Arms
25:06 Scale Mail Armor
30:02 Wheelbarrow
30:05 Hamask
34:03 Gold Mining
34:25 Heavy Plow
35:17 Bow Saw
36:44 Forging
37:17 Squires
37:02 Arson
39:03 Chain Mail Armor
39:30 Hand Cart
45:52 Iron Casting
48:46 Imperial Age
46:04 Town Watch
46:04 Loom
49:02 Capped Ram
50:31 Conscription
51:19 Siege Ram
52:27 Elite Jomsviking
56:10 Plate Mail Armor
ELCUEROVIVO
11:27 Feudal Age
16:41 Castle Age
17:30 Loom
22:51 Double-Bit Axe
23:00 Horse Collar
25:57 Heavy Plow
27:14 Gold Mining
32:47 Imperial Age
53:18 Parthian Tactics
Julio Chumil
11:07 Feudal Age
12:25 Wheelbarrow
11:39 Double-Bit Axe
11:37 Horse Collar
16:20 Bloodlines
16:32 Forging
21:31 Castle Age
19:37 Gold Mining
19:38 Stone Mining
22:56 Bow Saw
22:48 Heavy Plow
23:14 Loom
24:02 Light Cavalry
25:23 Iron Casting
24:54 Scale Barding Armor
25:55 Husbandry
29:50 Szlachta Privileges
30:12 Chain Barding Armor
36:16 Imperial Age
34:33 Stone Shaft Mining
36:30 Cavalier
38:39 Crop Rotation
38:32 Winged Hussar
40:06 Hand Cart
45:21 Lechitic Legacy
46:39 Conscription
53:49 Hoardings
tpg1985
11:49 Feudal Age
16:51 Castle Age
16:55 Stone Mining
23:23 Double-Bit Axe
31:01 Ballistics
33:26 Horse Collar
33:54 Murder Holes
35:21 Ballistas
39:07 Imperial Age
38:20 Gold Mining
40:02 Bow Saw
40:18 Conscription
43:07 Wheelbarrow
44:31 Chemistry
43:47 Heavy Plow
44:13 Heavy Scorpion
49:17 Hand Cart
49:44 Gold Shaft Mining
54:36 Scale Mail Armor
54:47 Forging
54:59 Man-at-Arms
56:03 Chain Mail Armor
Connection lost

Rejoining the realm…

Still unreachable

The connection could not be restored.

Session expired

The server has moved on; the page needs a fresh start.